 Dungeon Crawl Stone Soup version 0.29.1-1-gd02db6906a (webtiles) character file.

Game seed: 16033796307169737831

542106 Icepheonix32 the Phalangite (level 24, 0/233 HPs)
             Began as a Minotaur Fighter on Oct 17, 2022.
             Was the Champion of Okawaru.
             Slain by a death scarab (7 damage)
             ... summoned by a royal mummy
             ... on level 1 of the Tomb of the Ancients on Oct 18, 2022.
             The game lasted 03:05:23 (81326 turns).

Icepheonix32 the Phalangite (Minotaur Fighter)     Turns: 81326, Time: 03:05:24

Health: 0/233      AC: 27    Str: 26    XL:     24   Next: 77%
Magic:  33/33      EV:  4    Int:  8    God:    Okawaru [******]
Gold:   6237       SH:  0    Dex: 18    Spells: 23/23 levels left

rFire   + + .      SeeInvis .   y - +9 battleaxe (holy)
rCold   + . .      Faith    .   (shield currently unavailable)
rNeg    + + +      Spirit   .   c - +4 chain mail of Light {-Tele rN++ rCorr Stlth+}
rPois   .          Reflect  +   (helmet unavailable)
rElec   +          Harm     .   o - scarf {rC+ rF+}
rCorr   +          Rampage  .   u - +2 pair of gloves
Will    +....      NoTele   +   J - +2 pair of boots {Stlth+}
Stlth   +.........              x - amulet of reflection
HPRegen 0.48/turn               n - +4 ring of slaying
MPRegen 0.23/turn               R - ring "Wowus" {rElec rF+ rN+ Str+2 Slay+2}

@: lethally poisoned (0 -> -15), marked, contaminated, held, slowed, glowing,
constricted, studying Air Magic, very slow
A: horns 3, retaliatory headbutt, agile 1, deterioration 1
}: 3/15 runes: decaying, serpentine, silver
a: Renounce Religion, Heroism, Finesse, Duel


You were on level 1 of the Tomb of the Ancients.
You worshipped Okawaru.
Okawaru was exalted by your worship.
You visited 10 branches of the dungeon, and saw 46 of its levels.
You visited the Abyss 1 time.
You also visited: Ossuary, Volcano and Desolation.

You collected 7740 gold pieces.
You spent 1503 gold pieces at shops.

Inventory:

Hand Weapons
 y - a +9 battleaxe of holy wrath (weapon)
 z - the +18 lance "Wyrmbane" {slay drac, rPois rF+ rC+ AC+3}
   (You took it off Maggie on level 10 of the Dungeon)

   It inflicts extra damage against dragons and draconians.
   AC:        It affects your AC (+3).
   rF:        It protects you from fire.
   rC:        It protects you from cold.
   rPois:     It protects you from poison.
 X - the +2 trident of Okawaru's Anger {protect, rElec rPois rF- rN++}
   (Okawaru gifted it to you on level 1 of the Elven Halls)

   It grants its wielder temporary protection when it strikes (+7 to AC).
   rF:        It makes you vulnerable to fire.
   rElec:     It insulates you from electricity.
   rPois:     It protects you from poison.
   rN:        It greatly protects you from negative energy.
Missiles
 q - 5 curare-tipped darts
 r - 8 silver boomerangs
 A - 20 javelins (quivered)
 P - 6 datura-tipped darts
 V - 4 throwing nets
Armour
 c - the +4 chain mail of Light (worn) {-Tele rN++ rCorr Stlth+}
   (You found it on level 1 of the Crypt)

   rN:        It greatly protects you from negative energy.
   -Tele:     It prevents most forms of teleportation.
   rCorr:     It protects you from acid and corrosion.
   Stlth:     It makes you more stealthy.
 f - a +2 cloak
 j - the +7 plate armour of Cyloa {Will+++ rCorr Int-4 Dex-5}
   (Okawaru gifted it to you on level 2 of the Snake Pit)

   Int:       It affects your intelligence (-4).
   Dex:       It affects your dexterity (-5).
   rCorr:     It protects you from acid and corrosion.
   Will:      It greatly increases your willpower.
 m - a +2 hat of see invisible
 o - a scarf of resistance (worn)
 u - a +2 pair of gloves (worn)
 J - a +2 pair of boots of stealth (worn)
 Y - a +1 tower shield
Jewellery
 n - a +4 ring of slaying (left hand)
 x - an amulet of reflection (around neck)
 C - the ring "Qaant" {Int-4 Dex+3 Slay+4}
   (You took it off a necromancer on level 5 of the Vaults)

   [ring of slaying]

   Int:       It affects your intelligence (-4).
   Dex:       It affects your dexterity (+3).
   Slay:      It affects your accuracy & damage with ranged weapons and melee
   (+4).
 G - a +4 ring of protection
 Q - the ring of the Pariah {Will- MP+9 Int+6 SInv Stlth-}
   (You found it on level 1 of the Lair of Beasts)

   [ring of intelligence]

   Int:       It affects your intelligence (+6).
   MP:        It affects your magic capacity (+9).
   SInv:      It lets you see invisible.
   Will:      It decreases your willpower.
   Stlth:     It makes you less stealthy.
 R - the ring "Wowus" (right hand) {rElec rF+ rN+ Str+2 Slay+2}
   (You bought it in a shop on level 3 of the Elven Halls)

   [ring of protection from fire]

   Str:       It affects your strength (+2).
   Slay:      It affects your accuracy & damage with ranged weapons and melee
   (+2).
   rF:        It protects you from fire.
   rElec:     It insulates you from electricity.
   rN:        It protects you from negative energy.
 U - a +6 ring of intelligence
Wands
 g - a wand of digging (21)
 h - a wand of flame (120)
 K - a wand of light (6)
 T - a wand of paralysis (53)
 Z - a wand of iceblast (49)
Scrolls
 i - 9 scrolls of blinking
 p - 19 scrolls of teleportation
 w - 6 scrolls of poison
 E - 11 scrolls of fear
 F - 11 scrolls of fog
 H - 3 scrolls of silence
 I - 5 scrolls of immolation
 N - 7 scrolls of magic mapping
Potions
 a - 7 potions of magic
 d - 6 potions of heal wounds
 e - 4 potions of resistance
 k - 9 potions of cancellation
 l - 14 potions of curing
 s - 9 potions of brilliance
 v - 9 potions of might
 B - 6 potions of flight
 L - 6 potions of invisibility
 M - 7 potions of haste
 O - a potion of berserk rage
 S - 9 potions of mutation
Miscellaneous
 b - a phial of floods
 t - a condenser vane
 W - a tin of tremorstones (2/2)


   Skills:
 + Level 22.5 Fighting
 + Level 17.5(23.7) Axes
 + Level 26.0(27) Polearms
 + Level 2.3 Throwing
 * Level 21.4 Armour
 + Level 9.0 Dodging
 + Level 4.3 Stealth
 + Level 20.9 Shields
 * Level 14.7 Invocations
 * Level 13.5 Evocations


You had 23 spell levels left.
You didn't know any spells.
Your spell library contained the following spells:

 Spells                   Type           Power      Damage    Failure   Level
 Beastly Appendage        Tmut           0%         N/A       77%         1
 Magic Dart               Conj           0%         1d3       77%         1
 Sandblast                Erth           0%         2d4       77%         1
 Slow                     Hex            0%         N/A       77%         1
 Blink                    Tloc           0%         N/A       88%         2
 Scorch                   Fire           0%         2d5       88%         2
 Searing Ray              Conj           0%         2d4       88%         2
 Static Discharge         Conj/Air       0%         3-3/arc   88%         2
 Wereblood                Tmut           0%         N/A       88%         2
 Confusing Touch          Hex            0%         N/A       98%         3
 Dazzling Flash           Conj/Hex       0%         N/A       98%         3
 Ignite Poison            Fire/Tmut/Pois 0%         N/A       98%         3
 Lesser Beckoning         Tloc           0%         N/A       98%         3
 Ozocubu's Armour         Ice            0%         N/A       98%         3
 Portal Projectile        Hex/Tloc       0%         N/A       98%         3
 Spider Form              Tmut/Pois      0%         N/A       98%         3
 Stone Arrow              Conj/Erth      0%         3d7       98%         3
 Vampiric Draining        Necr           0%         2d6       98%         3
 Airstrike                Air            0%         2d(0-16)  100%        4
 Dispel Undead            Necr           0%         3d6       100%        4
 Flame Wave               Conj/Fire      0%         2d4       100%        4
 Fulminant Prism          Conj/Hex       0%         3d6       100%        4
 Hailstorm                Conj/Ice       0%         3d3       100%        4
 Ice Form                 Ice/Tmut       0%         N/A       100%        4
 Iskenderun's Mystic Bla  Conj/Tloc      0%         2d3       100%        4
 Leda's Liquefaction      Hex/Erth       0%         N/A       100%        4
 Olgreb's Toxic Radiance  Pois           0%         N/A       100%        4
 Passage of Golubria      Tloc           0%         N/A       100%        4
 Sticky Flame             Conj/Fire      0%         2d3       100%        4
 Agony                    Necr           0%         N/A       100%        5
 Blade Hands              Tmut           0%         N/A       100%        5
 Borgnjor's Vile Clutch   Necr/Erth      0%         N/A       100%        5
 Fireball                 Conj/Fire      0%         3d3       100%        5
 Irradiate                Conj/Tmut      0%         3d11      100%        5
 Iskenderun's Battlesphe  Conj           0%         2d6       100%        5
 Lee's Rapid Deconstruct  Erth           0%         3d5*      100%        5
 Lightning Bolt           Conj/Air       0%         1d11      100%        5
 Manifold Assault         Tloc           0%         N/A       100%        5
 Metabolic Englaciation   Hex/Ice        0%         N/A       100%        5
 Yara's Violent Unravell  Hex/Tmut       0%         3d3       100%        5
 Conjure Ball Lightning   Conj/Air       0%         3x3d6     100%        6
 Iron Shot                Conj/Erth      0%         9d1       100%        6
 Starburst                Conj/Fire      0%         6d3       100%        6
 Statue Form              Tmut/Erth      0%         N/A       100%        6
 Dragon Form              Tmut           0%         N/A       100%        7
 Enfeeble                 Hex            0%         N/A       100%        7
 Orb of Destruction       Conj           0%         9d5       100%        7
 Ozocubu's Refrigeration  Ice            0%         4d7       100%        7
 Borgnjor's Revivificati  Necr           0%         N/A       100%        8
 Ignition                 Fire           0%         3d3       100%        8
 Lehudib's Crystal Spear  Conj/Erth      0%         10d2      100%        8
 Necromutation            Tmut/Necr      0%         N/A       100%        8
 Death's Door             Necr           0%         N/A       100%        9
 Summon Small Mammal      Summ           Unusable   N/A       N/A         1
 Summon Guardian Golem    Hex/Summ       Unusable   N/A       N/A         3
 Animate Armour           Summ/Erth      Unusable   N/A       N/A         4
 Summon Ice Beast         Ice/Summ       Unusable   N/A       N/A         4
 Summon Lightning Spire   Summ/Air       Unusable   N/A       N/A         4
 Summon Forest            Summ/Tloc      Unusable   N/A       N/A         5
 Summon Mana Viper        Hex/Summ       Unusable   N/A       N/A         5
 Death Channel            Necr           Unusable   N/A       N/A         6
 Simulacrum               Ice/Necr       Unusable   N/A       N/A         6
 Summon Cactus Giant      Summ           Unusable   N/A       N/A         6
 Haunt                    Necr/Summ      Unusable   N/A       N/A         7
 Spellforged Servitor     Conj/Summ      Unusable   N/A       N/A         7

Dungeon Overview and Level Annotations

Branches:
Dungeon (15/15)            Temple (0/1) D:5            Lair (5/5) D:11
  Swamp (4/4) Lair:2        Snake (4/4) Lair:2        Slime (0/5) Lair:4
    Orc (2/2) D:10            Elf (3/3) Orc:2        Vaults (5/5) D:14
  Crypt (3/3) Vaults:3       Tomb (1/3) Crypt:3      Depths (4/4) D:15
    Zot (0/5) Depths:4    Ossuary (visited)         Volcano (visited)
Desolation (visited)

Altars:
Ashenzari
Cheibriados
Elyvilon
Fedhas
Gozag
Hepliaklqana
Kikubaaqudgha
Makhleb
Okawaru
Qazlal
Ru
Sif Muna
Trog
Uskayaw
Vehumet
Xom
Yredelemnul
Zin
The Shining One
Jiyva

Shops:
D:4 ?*   D:6 *   D:8 ?   D:13 (   Orc:2 *[(:   Elf:1 :   Elf:3 =   Snake:4 (
Vaults:1 ?   Vaults:2 [*(

Portals:
Hell: Depths:1 Depths:2 Depths:3 Depths:4
Abyss: Depths:3 Depths:4
Pandemonium: Depths:2
Ziggurat: Depths:3
Trove: D:12 (give 11 potions of heal wounds)

Annotations:
Depths:3 Vv


Innate Abilities, Weirdness & Mutations

You have a pair of large horns on your head.
You reflexively headbutt those who attack you in melee.
You are agile. (Dex +4, Str/Int -1)
Your body sometimes deteriorates upon taking damage.


Message History

The flayed ghost drops a net on you.
You become entangled in the net!
The royal mummy mumbles some strange words.
The ice devil hits you but does no damage.
The death scarab bites you but does no damage.
The death scarab bites you.
* * * LOW HITPOINT WARNING * * *
The anaconda skeleton bites you but does no damage.
The anaconda skeleton constricts you. The mummy hits you.
* * * LOW HITPOINT WARNING * * *
The death scarab bites you but does no damage.
The mummy priest prays to its god.
The ushabti shakes and rattles.
The vile air hits the death scarab but does no damage.
The vile air hits you but does no damage.
The vile air hits the death scarab but does no damage.
The ice devil hits you but does no damage.
You feel better.
You are engulfed in dark miasma.
You are lethally poisoned!
* * * LOW HITPOINT WARNING * * *
You feel less invigorated.
* * * LOW HITPOINT WARNING * * *
You feel extremely sick. The death scarab bites you.
* * * LOW HITPOINT WARNING * * *
The death scarab drains your vigour!
You feel as though you will be slow longer.
The death scarab bites you but does no damage.
The death scarab barely misses you. You furiously retaliate!
You headbutt the death scarab!!
The death scarab bites you but does no damage.
The death scarab bites you.
* * * LOW HITPOINT WARNING * * *
The anaconda skeleton bites you but does no damage.
The anaconda skeleton constricts you.
The anaconda skeleton bites you but does no damage.
The anaconda skeleton constricts you.
* * * LOW HITPOINT WARNING * * *
The mummy hits you but does no damage.
The ice devil hits you but does no damage.
The death scarab bites you!
You die...

....^§...#
.8.....8..#
..........#
.....9...M#
.8.^.○.8.9#
......°.M.#
.......WWZ.#
..8...BB84B#
......BZ@MB#
.......MBBW#
..8.....8BM#
...........#
...........#
#.......###
##'''''##
#.......#
#.8...8.#


You could see a royal mummy, a mummy priest, a flayed ghost (summoned), a
guardian mummy, 2 ushabtiu, an ice devil (summoned), a freezing wraith
(summoned), 8 death scarabs, a shadow (summoned), 2 mummies, a harpy simulacrum
(summoned) and an anaconda skeleton.

Vanquished Creatures
  2 dread liches (Crypt:3)
  A royal mummy (Arena)
  Boris (twice) (Crypt:1 Crypt:3)
  Xtahua (Crypt:2)
  Vashnia (Snake:4)
  A golden dragon (Vaults:5)
  2 bone dragons (Depths:4)
  A shard shrike zombie (Crypt:3)
  A shard shrike skeleton (Crypt:3)
  A tentacled monstrosity (Vaults:5)
  5 liches
  A quicksilver dragon (Depths:4)
  2 deep elf master archers (Elf:3)
  7 titans
  A deep elf blademaster (Elf:3)
  2 walking divine tomes (Depths:1)
  An ancient champion (Depths:4)
  Gastronok (Orc:1)
  14 sphinxes
  5 shadow dragons
  Frances (Elf:1)
  The ghost of TheSexyCheese the Severer, an adept HOFi of Gozag (Snake:1)
  4 storm dragons
  Donald (Swamp:4)
  7 nagarajas
  2 fenstrider witches
  6 tengu reavers (Vaults:5)
  5 fire giants
  A revenant (Crypt:1)
  Roxanne (Swamp:3)
  11 frost giants
  2 orc warlords
  6 deep elf sorcerers
  23 vault wardens
  4 caustic shrike zombies (Crypt:3)
  2 angels (Vaults:4)
  5 curse skulls
  2 draconian scorchers (Depths:4)
  The ghost of littlecub the Fighter, a journeyman DsGl of Hepliaklqana (Snake:3)
  A deep elf elementalist (Elf:3)
  A juggernaut zombie (Depths:2)
  The ghost of miserystealer the End of an Era, a journeyman HOFi of Qazlal (Lair:5)
  21 very ugly things
  A reaper (Crypt:3)
  A draconian stormcaller (Depths:4)
  20 ironbound preservers
  10 ghouls (Crypt:2)
  The ghost of BigDaddyOpFi the Cleaver, a journeyman HOFi of Jiyva (Lair:4)
  2 war gargoyles
  A caustic shrike skeleton (Crypt:1)
  12 stone giants
  A spriggan defender (Depths:1)
  5 ironbound thunderhulks
  4 juggernaut skeletons
  A green draconian (Depths:4)
  6 deep elf demonologists
  5 eleionomae
  4 vampire knights
  A black draconian (Depths:4)
  17 dire elephants
  A halazid warlock (Vaults:4)
  A minotaur (Lair:1)
  5 bunyips
  4 deep elf annihilators
  A red draconian (Depths:4)
  2 yellow draconians (Depths:4)
  9 eidola
  12 deep elf death magi
  A purple draconian (Depths:4)
  6 spark wasps
  17 ettins
  An acid blob zombie (Crypt:1)
  2 jiangshi (Crypt:2)
  A merfolk javelineer (Depths:1)
  A crystal guardian (Vaults:1)
  8 fire dragons
  A shambling mangrove (Swamp:4)
  3 spriggan zombies
  5 great orbs of eyes
  Fannar (D:10)
  A quicksilver dragon zombie (Crypt:2)
  5 deep elf high priests
  25 yaktaur captains
  9 ice dragons
  A hydra (shapeshifter) (Vaults:5)
  2 hell beasts (Depths:4)
  4 rakshasas
  Harold (D:9)
  2 salamander tyrants
  15 anacondas
  4 spriggan air magi
  2 ghost crabs
  A peacekeeper (Vaults:1)
  31 vault guards
  A death knight (Crypt:2)
  A fenstrider witch zombie (Crypt:3)
  10 ironbound frosthearts
  8 boulder beetles
  2 ogre magi
  14 naga warriors
  12 alligators
  20 hydras
  2 catoblepae
  5 death yaks (Lair:5)
  The ghost of Godmorgon the Thaumaturge, a journeyman TeCj of Vehumet (Lair:1)
  25 dancing weapons
  8 two-headed ogres
  4 spriggan skeletons
  18 centaur warriors
  11 death scarabs (Tomb:1)
  2 deep troll shamans (Depths:4)
  3 tengu warriors
  The ghost of RascalDebosk the Thaumaturge, a journeyman DECj of Vehumet (D:11)
  2 vampire magi
  2 thrashing horrors (Abyss:2)
  11 naga sharpshooters
  6 deep troll earth magi
  6 spriggan berserkers
  7 shock serpents
  10 hell knights
  4 orc high priests
  11 soul eaters
  2 spectral salamanders (Snake:1)
  11 deep elf knights
  2 iron trolls (Depths:4)
  2 fire crabs (Swamp:4)
  2 titan skeletons (Crypt:1)
  6 salamander mystics
  4 sea snakes (Snake:2)
  3 glowing orange brains
  2 spectral anacondas
  12 skeletal warriors
  An anaconda zombie (Crypt:3)
  3 bunyip zombies
  64 deep trolls
  8 goliath frogs
  4 flayed ghosts
  7 deep elf archers
  A spriggan druid (Swamp:1)
  7 naga ritualists
  A tengu zombie (Crypt:3)
  An obsidian statue (Lair:5)
  A bog body (Swamp:2)
  9 swamp dragons
  An iron giant skeleton (Crypt:2)
  14 phantasmal warriors
  A spriggan simulacrum (Crypt:2)
  2 bunyip skeletons (Crypt:3)
  A harpy (shapeshifter) (Vaults:5)
  A fenstrider witch simulacrum (Crypt:1)
  21 ironbound convokers
  14 wizards
  10 orc knights
  13 lindwurms
  7 harpies (Vaults:2)
  3 iron dragon zombies
  25 necromancers
  27 deep elf pyromancers
  22 deep elf zephyrmancers
  An oklob plant (Lair:4)
  A stone giant zombie (Crypt:1)
  5 orc sorcerers
  4 cyclopes
  5 will-o-the-wisps
  10 mana vipers
  4 manticores
  A cyclops (shapeshifter) (Elf:2)
  A large abomination (Abyss:2)
  34 ugly things
  A wolf spider (Crypt:3)
  12 elephants
  8 guardian serpents
  An iron dragon skeleton (Crypt:1)
  27 salamanders
  2 moths of wrath (Snake:3)
  A spectral shock serpent (Snake:1)
  Maurice (Orc:1)
  A torpor snail (Lair:4)
  An alligator snapping turtle zombie (Crypt:2)
  42 black mambas
  8 naga magi
  5 toenail golems (Volcano)
  A gargoyle (D:11)
  26 vault sentinels
  A naga skeleton (Crypt:3)
  Maggie (D:10)
  15 cane toads
  A dire elephant skeleton (Crypt:3)
  An alligator snapping turtle skeleton (Crypt:1)
  A catoblepas zombie (Crypt:2)
  An unseen horror zombie (D:9)
  A shock serpent skeleton (Crypt:1)
  32 yaktaurs
  8 freezing wraiths
  A tormentor (Abyss:2)
  A yaktaur (shapeshifter) (Vaults:5)
  2 tengu conjurers (Depths:1)
  4 rime drakes
  13 hellwings (Crypt:3)
  An anaconda simulacrum (Snake:1)
  9 komodo dragons
  9 guardian mummies
  A minotaur skeleton (Crypt:2)
  An iron troll skeleton (Crypt:1)
  A troll (shapeshifter) (D:13)
  A wolf spider simulacrum (D:15)
  4 bloated husks
  10 hornets
  7 trolls
  A merfolk (shapeshifter) (Depths:4)
  A polar bear (Lair:5)
  2 saltlings
  12 tyrant leeches
  A hornet (shapeshifter) (D:13)
  2 tarantellas (shapeshifter)
  Grinder (D:4)
  21 slime creatures
  A dream sheep (shapeshifter) (Elf:1)
  2 harpy skeletons
  A meliai zombie (Crypt:2)
  5 dream sheep (Lair:4)
  2 stone giant simulacra
  2 spectral elephants (Lair:5)
  3 blink frogs (Lair:4)
  5 jumping spiders (Crypt:3)
  A merfolk zombie (Crypt:3)
  A spectral black mamba (Snake:1)
  3 wyverns
  A culicivora (shapeshifter) (Elf:2)
  A shock serpent simulacrum (Snake:1)
  An air elemental (Elf:3)
  10 wraiths
  A dire elephant simulacrum (Lair:5)
  2 centaur simulacra
  23 flying skulls
  6 spriggans
  A black mamba zombie (Crypt:1)
  40 yaks
  An ice dragon skeleton (Crypt:1)
  3 ettin skeletons
  5 water elementals
  4 ushabtiu
  2 fire elementals
  A black mamba skeleton (Crypt:2)
  6 fire bats
  2 redbacks (Crypt:3)
  4 basilisks
  A death yak simulacrum (Lair:5)
  Menkaure (D:4)
  7 steam dragons
  A mana viper simulacrum (Snake:1)
  A small abomination (Abyss:2)
  2 spectral cane toads (Lair:5)
  7 vampire mosquitoes
  2 wargs (Orc:2)
  35 nagas
  2 acid dragons
  12 swamp worms
  18 water moccasins
  2 hell hounds (Orc:1)
  A guardian serpent simulacrum (Snake:1)
  A floating eye (Depths:2)
  2 black bears
  A glowing shapeshifter skeleton (Depths:2)
  10 swamp drakes
  3 ice beasts
  21 orc warriors
  33 wolves
  2 sky beasts
  A manticore zombie (Crypt:2)
  A black mamba simulacrum (Snake:1)
  9 ogres
  5 centaurs
  2 phantoms
  4 kobold brigands
  7 bullfrogs
  7 necrophages
  7 earth elementals
  3 gnoll sergeants
  A cane toad simulacrum (Lair:5)
  A draconian skeleton (Crypt:2)
  8 scorpions
  6 wyvern skeletons (Crypt:3)
  2 wights (D:9)
  9 killer bees (D:9)
  7 electric eels
  7 howler monkeys
  A crimson imp (D:3)
  7 starcursed masses (Abyss:2)
  A human simulacrum (Vaults:3)
  4 human zombies
  27 orc priests
  5 hounds
  3 jellies
  2 centaur skeletons
  8 centaur zombies
  9 scorpion zombies (Ossuary)
  5 iguanas
  Jessica (D:3)
  A basilisk skeleton (Crypt:1)
  24 orc wizards
  3 naga simulacra
  A hound skeleton (Crypt:2)
  10 mummies
  2 howler monkey zombies (D:9)
  Robin (D:4)
  20 gnolls
  8 adders
  2 shadow imps
  A white imp (D:6)
  2 ufetubi
  A lava snake zombie (Crypt:1)
  3 worms
  3 dart slugs
  91 orcs
  4 endoplasms
  4 giant cockroaches
  2 gnoll zombies (Ossuary)
  11 goblins
  14 hobgoblins
  4 jackals
  2 quokkas
  A ball python (shapeshifter) (Vaults:5)
  8 ball pythons
  6 bats
  12 frilled lizards
  A goblin skeleton (Crypt:1)
  2 hobgoblin zombies (Ossuary)
  18 kobolds
  An orc zombie (Ossuary)
  3 rats
2062 creatures vanquished.

Vanquished Creatures (others)
  Mara (Swamp:4)
  A deep elf blademaster (Elf:3)
  A bunyip (Swamp:1)
  A deep elf high priest (Elf:3)
  2 deep elf knights (Elf:3)
  A bog body (Swamp:1)
  A deep elf zephyrmancer (Elf:2)
  4 bloated husks
  A slime creature (D:15)
  A saltling (Desolation)
  A blink frog (Lair:4)
  A steam dragon (Swamp:4)
  A swamp drake (Swamp:4)
  2 orcs (Elf:1)
  21 foxfires
  12 fungi
  45 plants
  52 withered plants
149 creatures vanquished.

Grand Total: 2211 creatures vanquished

Notes
Turn   | Place    | Note
-------+----------+-------------------------------------------
     0 | D:1      | Icepheonix32 the Minotaur Fighter began the quest for the
                  | Orb.
     0 | D:1      | Reached XP level 1. HP: 19/19 MP: 0/0
   189 | D:1      | Reached XP level 2. HP: 27/27 MP: 1/1
   360 | D:1      | Reached XP level 3. HP: 34/34 MP: 2/2
  1656 | D:2      | Reached XP level 4. HP: 41/41 MP: 3/3
  1701 | D:2      | Reached XP level 5. HP: 19/47 MP: 4/4
  2257 | D:3      | Noticed Jessica
  2265 | D:3      | Killed Jessica
  2266 | D:3      | Reached skill level 5 in Fighting
  2412 | D:3      | Found a burning altar of Makhleb.
  2412 | D:3      | Found a radiant altar of Vehumet.
  2480 | D:3      | Reached skill level 5 in Axes
  2506 | D:3      | Found a shimmering altar of Xom.
  2874 | D:4      | Noticed Robin
  2896 | D:4      | Killed Robin
  3147 | D:4      | Reached XP level 6. HP: 56/56 MP: 5/5
  3152 | D:4      | Found a hide-covered altar of Uskayaw.
  3157 | D:4      | Reached skill level 5 in Armour
  3163 | D:4      | Noticed a +0 dagger
  3163 | D:4      | Noticed a +0 dagger
  3290 | D:4      | Noticed Menkaure
  3302 | D:4      | Killed Menkaure
  3303 | D:4      | Reached skill level 1 in Dodging
  3603 | D:4      | Reached XP level 7. HP: 62/64 MP: 6/6
  3635 | D:4      | Found Owurulaf's Assorted Antiques.
  3712 | D:4      | Found Muosat's Magic Scroll Emporium.
  3724 | D:4      | Bought a scroll labelled QINENTURPHA for 24 gold pieces
  3815 | D:4      | Bought a scroll of identify for 24 gold pieces
  3815 | D:4      | Bought a scroll of brand weapon for 114 gold pieces
  3984 | D:4      | Noticed Grinder
  3991 | D:4      | Killed Grinder
  4136 | D:4      | Found a glowing golden altar of the Shining One.
  4144 | D:4      | Reached skill level 15 in Axes
  4144 | D:4      | Reached XP level 8. HP: 73/73 MP: 7/7
  4167 | D:5      | Entered Level 5 of the Dungeon
  4291 | D:5      | Found an opulent altar of Gozag.
  4358 | D:5      | Found a sand-covered staircase.
  4366 | Ossuary  | Entered an ossuary
  4378 | Ossuary  | Reached XP level 9. HP: 76/79 MP: 8/8
  4892 | D:5      | Found a staircase to the Ecumenical Temple.
  4961 | D:5      | Found a glowing silver altar of Zin.
  5072 | D:5      | Found a sacrificial altar of Ru.
  5097 | D:5      | Found a hazy altar of Hepliaklqana.
  5306 | D:4      | Bought 2 scrolls of fear for 96 gold pieces
  5811 | D:6      | Found an iron altar of Okawaru.
  5819 | D:6      | Became a worshipper of Warmaster Okawaru
  5934 | D:6      | Found Xinkad Atua's Overcharged Wands.
  5940 | D:6      | Reached skill level 5 in Shields
  6014 | D:4      | Bought a scroll of poison for 48 gold pieces
  6204 | D:7      | Reached XP level 10. HP: 90/90 MP: 9/9
  6221 | D:7      | Reached skill level 1 in Invocations
  6227 | D:7      | Reached * piety under Okawaru
  6538 | D:7      | Found a bloodstained altar of Trog.
  6999 | D:8      | Found Eclor's Magic Scroll Emporium.
  7018 | D:8      | Bought a scroll of noise for 11 gold pieces
  7018 | D:8      | Bought a scroll of identify for 22 gold pieces
  7045 | D:8      | Reached ** piety under Okawaru
  7600 | D:8      | Identified a scroll of acquirement
  7601 | D:8      | Acquired a +4 battleaxe of holy wrath
  7634 | D:9      | Found a snail-covered altar of Cheibriados.
  8080 | D:9      | Reached *** piety under Okawaru
  8174 | D:9      | Reached XP level 11. HP: 99/99 MP: 12/12
  8174 | D:9      | Found an ancient bone altar of Kikubaaqudgha.
  8186 | D:9      | Reached skill level 10 in Fighting
  8194 | D:9      | Reached skill level 1 in Stealth
  8232 | D:9      | Noticed Harold
  8250 | D:9      | Killed Harold
  8251 | D:9      | Reached skill level 5 in Dodging
  8398 | D:9      | Reached **** piety under Okawaru
  8746 | D:10     | Entered Level 10 of the Dungeon
  8792 | D:10     | Noticed Fannar
  8811 | D:10     | Killed Fannar
  8883 | D:10     | Reached ***** piety under Okawaru
  8936 | D:10     | Noticed a two-headed ogre
  8941 | D:10     | Killed a two-headed ogre
  9081 | D:10     | Found a staircase to the Orcish Mines.
  9128 | D:10     | Identified the +4 chain mail of Gluttony {Rampage rPois
                  | Int+4} (Okawaru gifted it to you on level 10 of the
                  | Dungeon)
  9128 | D:10     | Received a gift from Okawaru
  9285 | D:10     | Found a stormy altar of Qazlal.
  9298 | D:10     | Noticed Maggie
  9316 | D:10     | Killed Maggie
  9387 | D:10     | Found a shimmering blue altar of Sif Muna.
  9431 | D:10     | Found a blossoming altar of Fedhas.
  9718 | D:11     | Noticed an eight-headed hydra
  9725 | D:11     | Killed a five-headed hydra
  9726 | D:11     | Reached skill level 1 in Polearms
  9858 | D:11     | Found a bloodstained altar of Trog.
  9858 | D:11     | Noticed a two-headed ogre
  9865 | D:11     | Killed a two-headed ogre
  9875 | D:11     | Found a staircase to the Lair.
  9888 | Lair:1   | Entered Level 1 of the Lair of Beasts
  9903 | Lair:1   | Reached skill level 2 in Polearms
  9943 | Lair:1   | Reached skill level 3 in Polearms
  9947 | Lair:1   | Reached XP level 12. HP: 97/110 MP: 14/14
  9959 | Lair:1   | Identified the +1 falchion "Fiergh" {venom, rF++ rC- Will+}
 10085 | Lair:1   | Reached skill level 4 in Polearms
 10087 | Lair:1   | Reached skill level 5 in Invocations
 10089 | Lair:1   | Reached skill level 5 in Polearms
 10369 | Lair:1   | Noticed a minotaur
 10369 | Lair:1   | Noticed Godmorgon's ghost (journeyman TeCj)
 10373 | Lair:1   | Noticed a four-headed hydra
 10381 | Lair:1   | Found a runed translucent gate.
 10381 | Lair:1   | Found a runed translucent gate.
 10381 | Lair:1   | Found a runed translucent gate.
 10423 | Lair:1   | Reached skill level 6 in Polearms
 10603 | Lair:1   | Identified the +4 robe of Girghal {rElec rC+ Stlth+}
                  | (Okawaru gifted it to you on level 1 of the Lair of Beasts)
 10603 | Lair:1   | Received a gift from Okawaru
 10614 | Lair:1   | Identified the ring of the Pariah {Will- MP+9 Int+6 SInv
                  | Stlth-}
 10943 | Lair:2   | Reached skill level 7 in Polearms
 11132 | Lair:2   | Found a staircase to the Swamp.
 11173 | Lair:2   | Reached skill level 8 in Polearms
 11317 | Lair:2   | Reached skill level 1 in Evocations
 11367 | Lair:2   | Found a staircase to the Snake Pit.
 12187 | Lair:3   | Noticed a boulder beetle
 12226 | Lair:3   | Killed a boulder beetle
 12629 | Lair:3   | Reached skill level 9 in Polearms
 12970 | Lair:3   | Identified the +5 ring mail "Impoe" {rElec Will+ Str+4
                  | Int-4} (Okawaru gifted it to you on level 3 of the Lair of
                  | Beasts)
 12970 | Lair:3   | Received a gift from Okawaru
 12971 | Lair:3   | Reached XP level 13. HP: 112/117 MP: 16/16
 13518 | Lair:4   | Reached skill level 10 in Armour
 13817 | Lair:4   | Reached skill level 10 in Polearms
 13976 | Lair:4   | Found a viscous altar of Jiyva.
 13976 | Lair:4   | Found a staircase to the Slime Pits.
 14365 | Lair:4   | Reached skill level 11 in Polearms
 14432 | Lair:4   | Found a runed translucent door.
 14432 | Lair:4   | Noticed BigDaddyOpFi's ghost (journeyman HOFi)
 14744 | Lair:5   | Entered Level 5 of the Lair of Beasts
 15048 | Lair:5   | Reached skill level 1 in Throwing
 15470 | Lair:5   | Reached skill level 12 in Polearms
 15521 | Lair:5   | Reached ****** piety under Okawaru
 15719 | Lair:5   | Noticed a dire elephant
 15719 | Lair:5   | Noticed a dire elephant
 15720 | Lair:5   | Noticed a dire elephant
 15730 | Lair:5   | Noticed a dire elephant
 15749 | Lair:5   | Killed a dire elephant
 15756 | Lair:5   | Identified the +5 war axe of the Desolation of Salt {flame,
                  | rN+ MP+9 Str-3} (Okawaru gifted it to you on level 5 of the
                  | Lair of Beasts)
 15756 | Lair:5   | Received a gift from Okawaru
 16371 | Lair:5   | Killed a dire elephant
 16382 | Lair:5   | Killed a dire elephant
 16392 | Lair:5   | Reached XP level 14. HP: 100/126 MP: 18/18
 16873 | Lair:5   | Found a large runed translucent door.
 16874 | Lair:5   | Found a large runed translucent door.
 16878 | Lair:5   | Noticed miserystealer's ghost (journeyman HOFi)
 17218 | Lair:5   | Killed miserystealer's ghost
 17218 | Lair:5   | Received a gift from Okawaru
 17797 | D:11     | Found a radiant altar of Vehumet.
 17938 | D:11     | Found a runed translucent gate.
 17938 | D:11     | Found a runed translucent gate.
 17938 | D:11     | Found a runed translucent gate.
 17949 | D:11     | Noticed RascalDebosk's ghost (journeyman DECj)
 17962 | D:11     | Killed RascalDebosk's ghost
 19291 | Lair:4   | Killed BigDaddyOpFi's ghost
 19295 | Lair:4   | Identified the +6 chain mail "Maupp" {+Blink rPois Dex-5}
 19408 | Lair:1   | Received a gift from Okawaru
 19419 | Lair:1   | Killed Godmorgon's ghost
 19976 | D:4      | Bought a potion of haste for 240 gold pieces
 20794 | D:12     | Found a portal to a secret trove of treasure.
 20878 | D:12     | Reached skill level 13 in Polearms
 21084 | D:12     | Identified the +0 buckler of Igruac {-Tele +Inv rCorr}
                  | (Okawaru gifted it to you on level 12 of the Dungeon)
 21084 | D:12     | Received a gift from Okawaru
 21573 | D:12     | Gained mutation: You are robust. (+10% HP) [potion of
                  | mutation]
 21573 | D:12     | Lost mutation: You are robust. (+10% HP) [potion of
                  | mutation]
 21573 | D:12     | Gained mutation: You have hidden genetic defects. [potion
                  | of mutation]
 21574 | D:12     | Lost mutation: You have hidden genetic defects. [potion of
                  | mutation]
 21574 | D:12     | Gained mutation: Your body sometimes deteriorates upon
                  | taking damage. [potion of mutation]
 21574 | D:12     | Gained mutation: You are agile. (Dex +4, Str/Int -1)
                  | [potion of mutation]
 21574 | D:12     | Gained mutation: You have a pair of large horns on your
                  | head. [potion of mutation]
 21574 | D:12     | Gained mutation: Your mind is acute. (Int +4, Str/Dex -1)
                  | [potion of mutation]
 21585 | D:13     | Found Xouh's Antique Weapon Emporium.
 21612 | D:13     | You fall into a shaft and drop 1 floor!
 21621 | D:14     | Reached skill level 5 in Evocations
 22530 | D:13     | Identified the +5 ring mail "Vutrunn" {Dex+4}
 22777 | D:13     | Found a hazy altar of Hepliaklqana.
 23030 | D:14     | Found a gate to the Vaults.
 23230 | D:15     | Entered Level 15 of the Dungeon
 23533 | D:14     | Reached XP level 15. HP: 99/136 MP: 20/20
 23729 | D:15     | Reached skill level 10 in Shields
 24285 | D:15     | Identified the +0 cloak of Leapfrog {rCorr} (Okawaru gifted
                  | it to you on level 15 of the Dungeon)
 24285 | D:15     | Received a gift from Okawaru
 24373 | D:15     | Found a staircase to the Depths.
 24655 | Orc:1    | Entered Level 1 of the Orcish Mines
 24794 | Orc:1    | Found a dark tunnel.
 24817 | Volcano  | Entered a volcano
 24998 | Volcano  | Reached skill level 14 in Polearms
 25255 | Orc:1    | Noticed Gastronok
 25258 | Orc:1    | Noticed Maurice
 25258 | Orc:1    | Paralysed by Maurice for 3 turns
 25262 | Orc:1    | Paralysed by Maurice for 4 turns
 25278 | Orc:1    | Killed Gastronok
 25290 | Orc:1    | Killed Maurice
 25892 | Orc:2    | Entered Level 2 of the Orcish Mines
 26400 | Orc:2    | Found Xutt's Book Boutique.
 26824 | Orc:2    | Found Hiclotuu's Antique Weapon Shoppe.
 26866 | Orc:2    | Found Ranogg's Armour Shoppe.
 26868 | Orc:2    | Found Xuqacopp's General Store.
 27009 | Orc:2    | Found a staircase to the Elven Halls.
 27388 | Depths:1 | Entered Level 1 of the Depths
 27708 | D:15     | Received a gift from Okawaru
 29352 | D:15     | Received a gift from Okawaru
 29480 | D:15     | Reached XP level 16. HP: 123/147 MP: 22/22
 29560 | D:15     | Reached skill level 15 in Polearms
 30377 | Snake:1  | Entered Level 1 of the Snake Pit
 30377 | Snake:1  | Noticed TheSexyCheese's ghost (adept HOFi)
 30377 | Snake:1  | Found a runed translucent gate.
 30377 | Snake:1  | Found a runed translucent gate.
 30377 | Snake:1  | Found a runed translucent gate.
 31087 | Swamp:1  | Entered Level 1 of the Swamp
 31398 | Lair:2   | Identified the +8 dagger of Pitan {vorpal, *Slow rElec
                  | Int+4} (Okawaru gifted it to you on level 2 of the Lair of
                  | Beasts)
 31398 | Lair:2   | Received a gift from Okawaru
 31656 | Swamp:1  | Reached skill level 10 in Invocations
 32955 | Swamp:2  | Received a gift from Okawaru
 33558 | Swamp:3  | Reached skill level 15 in Fighting
 34023 | Swamp:3  | Identified the ring "Bugocun" {rCorr MP+9}
 34319 | Swamp:3  | Noticed Roxanne
 34677 | Swamp:3  | Killed Roxanne
 34793 | Swamp:4  | Entered Level 4 of the Swamp
 35475 | Swamp:4  | Reached skill level 16 in Polearms
 35901 | Swamp:4  | Received a gift from Okawaru
 36545 | Swamp:4  | Reached XP level 17. HP: 147/156 MP: 24/24
 36730 | Swamp:4  | Received a gift from Okawaru
 36928 | Swamp:4  | Noticed Donald
 36940 | Swamp:4  | Killed Donald
 37339 | Swamp:4  | Noticed Mara
 37359 | Swamp:4  | Killed Mara
 37667 | Swamp:4  | Got a decaying rune of Zot
 39147 | Snake:1  | Killed TheSexyCheese's ghost
 40176 | Depths:1 | Found a gateway to Hell.
 40457 | Depths:1 | Noticed a walking divine tome
 40464 | D:15     | Received a gift from Okawaru
 41742 | Snake:2  | Reached skill level 17 in Polearms
 42196 | Snake:2  | Identified the ring "Fuonn" {rF+ Int-5 Dex+5 Slay+2}
 42285 | Snake:2  | Found a white marble altar of Elyvilon.
 42897 | Snake:2  | Identified the +7 plate armour of Cyloa {Will+++ rCorr
                  | Int-4 Dex-5} (Okawaru gifted it to you on level 2 of the
                  | Snake Pit)
 42897 | Snake:2  | Received a gift from Okawaru
 43386 | Snake:3  | Reached XP level 18. HP: 153/166 MP: 25/25
 43810 | Snake:3  | Reached skill level 15 in Armour
 44074 | Snake:3  | Noticed littlecub's ghost (journeyman DsGl)
 44093 | Snake:3  | Found a bloodstained altar of Trog.
 44133 | Snake:3  | Found a transporter.
 44156 | Snake:3  | Found a transporter.
 44294 | Snake:3  | Killed littlecub's ghost
 45276 | Snake:4  | Entered Level 4 of the Snake Pit
 45919 | Snake:4  | Found Mivyff's Weapon Shoppe.
 45939 | Snake:4  | Received a gift from Okawaru
 46741 | Snake:4  | Noticed Vashnia
 46778 | Snake:4  | HP: 8/168 [naga sharpshooter/arrow (18)]
 47441 | Snake:4  | Killed Vashnia
 47793 | Snake:4  | Got a serpentine rune of Zot
 48251 | Depths:1 | Identified the +1 robe "Quostago" {Dex+3} (Okawaru gifted
                  | it to you on level 1 of the Depths)
 48251 | Depths:1 | Received a gift from Okawaru
 48271 | Depths:1 | Reached skill level 18 in Polearms
 48886 | Depths:1 | Identified the ring of the Aged Lovers {Ice Str+2}
 49606 | Depths:1 | Identified the +2 helmet of Thoughtfulness {Rampage}
 49622 | Depths:1 | Got the Disquisition on Amassed Reformation
 50095 | Depths:2 | Reached XP level 19. HP: 177/177 MP: 27/27
 50737 | Depths:2 | Found a broken altar of Ashenzari.
 50845 | Depths:2 | Received a gift from Okawaru
 50987 | Depths:2 | Found a one-way gate leading to the halls of Pandemonium.
 51020 | Depths:2 | Reached skill level 15 in Shields
 51753 | Depths:3 | Paralysed by a floating eye for 3 turns
 51829 | Depths:3 | Paralysed by a floating eye for 2 turns
 51930 | Depths:3 | Found a one-way gate to the infinite horrors of the Abyss.
 52060 | Depths:3 | Found a one-way gateway to a ziggurat.
 52060 | Depths:3 | Noticed a dread lich
 52076 | Depths:3 | Noticed Vv
 52097 | Depths:3 | You fall into a shaft and drop 1 floor!
 52097 | Depths:4 | Entered Level 4 of the Depths
 52119 | Depths:4 | Received a gift from Okawaru
 52613 | Depths:4 | Reached skill level 19 in Polearms
 53499 | Depths:4 | Noticed a bone dragon
 53527 | Depths:4 | Killed a bone dragon
 53527 | Depths:4 | Received a gift from Okawaru
 53603 | Depths:4 | Noticed a bone dragon
 53628 | Depths:4 | Killed a bone dragon
 54402 | Depths:4 | Reached XP level 20. HP: 101/186 MP: 29/29
 54414 | Depths:4 | Found a gate to the Realm of Zot.
 55517 | Elf:1    | Entered Level 1 of the Elven Halls
 55618 | Elf:1    | Found Elea's Book Boutique.
 55727 | Elf:1    | Identified the +2 trident of Okawaru's Anger {protect,
                  | rElec rPois rF- rN++} (Okawaru gifted it to you on level 1
                  | of the Elven Halls)
 55727 | Elf:1    | Received a gift from Okawaru
 55812 | Elf:1    | Reached skill level 20 in Polearms
 55816 | Elf:1    | Noticed Frances
 55823 | Elf:1    | Killed Frances
 56573 | Elf:2    | Found a shimmering blue altar of Sif Muna.
 56752 | Elf:2    | Found a runed translucent gate.
 56753 | Elf:2    | Found a runed translucent gate.
 56753 | Elf:2    | Found a runed translucent gate.
 56975 | Elf:2    | Reached skill level 21 in Polearms
 57226 | Elf:3    | Entered Level 3 of the Elven Halls
 57234 | Elf:3    | Found Tam Uxya's Jewellery Shoppe.
 57270 | Elf:3    | Bought the ring "Wowus" {rElec rF+ rN+ Str+2 Slay+2} for
                  | 613 gold pieces
 57776 | Elf:3    | Identified the +7 halberd "Mateor" {freeze, rPois Str-4
                  | Int+3 SInv} (Okawaru gifted it to you on level 3 of the
                  | Elven Halls)
 57776 | Elf:3    | Received a gift from Okawaru
 59285 | Elf:3    | Reached skill level 22 in Polearms
 61046 | Elf:2    | Identified the +8 trident "Poywulat" {pain, rF++ Int+3}
                  | (Okawaru gifted it to you on level 2 of the Elven Halls)
 61046 | Elf:2    | Received a gift from Okawaru
 61428 | Elf:2    | Reached XP level 21. HP: 193/195 MP: 30/30
 61667 | Orc:2    | Bought a potion of haste for 140 gold pieces
 61780 | Vaults:1 | Entered Level 1 of the Vaults
 61794 | Vaults:1 | Reached skill level 23 in Polearms
 62006 | Vaults:1 | Received a gift from Okawaru
 62115 | Vaults:1 | Identified the +7 trident "Beastbane" {vorpal, rC+}
                  | (Okawaru gifted it to you on level 1 of the Vaults)
 62115 | Vaults:1 | Received a gift from Okawaru
 62686 | Vaults:1 | Reached skill level 10 in Evocations
 62902 | Vaults:1 | Found Suatolergh's Magic Scroll Shoppe.
 62907 | Vaults:1 | Bought a scroll of immolation for 72 gold pieces
 63129 | Vaults:1 | Received a gift from Okawaru
 63997 | Vaults:2 | Found Tutsoisa's Antique Weapon Boutique.
 64793 | Vaults:2 | Received a gift from Okawaru
 65103 | Vaults:2 | Found Saklomamp's Antique Armour Emporium.
 65124 | Vaults:2 | Found Jogegg's Assorted Antiques.
 65132 | Vaults:2 | Bought a potion of curing for 99 gold pieces
 65830 | Vaults:3 | Reached skill level 24 in Polearms
 65938 | Vaults:3 | Reached XP level 22. HP: 137/206 MP: 31/31
 66140 | Vaults:3 | Received a gift from Okawaru
 67238 | Arena    | Entered the Arena
 67242 | Arena    | Received a gift from Okawaru
 67894 | Vaults:3 | Found an ancient bone altar of Kikubaaqudgha.
 67929 | Vaults:3 | Found a staircase to the Crypt.
 67929 | Vaults:3 | Found a basalt altar of Yredelemnul.
 68197 | Vaults:4 | Found a white marble altar of Elyvilon.
 68199 | Vaults:4 | Found a glowing golden altar of the Shining One.
 68200 | Vaults:4 | Found a crumbling gateway.
 68218 | Vaults:4 | Found a glowing silver altar of Zin.
 68238 | Vaults:4 | Received a gift from Okawaru
 68246 | Desolati | Entered the Desolation of Salt
 70021 | Vaults:5 | Entered Level 5 of the Vaults
 70037 | Abyss:2  | Cast into level 2 of the Abyss (deep elf death mage)
 70138 | Abyss:2  | Received a gift from Okawaru
 70225 | Vaults:5 | Escaped the Abyss
 70231 | Vaults:5 | Reached skill level 25 in Polearms
 70427 | Vaults:5 | Reached XP level 23. HP: 67/215 MP: 32/32
 70865 | Vaults:5 | Identified the +6 hand axe "Death Rattle" {venom, rC+ Str+2
                  | Dex+5}
 71262 | Vaults:5 | Received a gift from Okawaru
 72224 | Vaults:5 | Got a silver rune of Zot
 72769 | Vaults:5 | Identified the +2 leather armour of Going Fast {Int+2}
 72769 | Vaults:5 | Identified the ring "Qaant" {Int-4 Dex+3 Slay+4}
 73499 | Vaults:5 | Identified the +4 chain mail of Okawaru, Destroying {Will+
                  | Str+2 Dex-2} (Okawaru gifted it to you on level 5 of the
                  | Vaults)
 73499 | Vaults:5 | Received a gift from Okawaru
 73799 | Vaults:5 | Got Sif Muna's Catalogue of Graupel and the Tesseract
 73912 | Crypt:1  | Entered Level 1 of the Crypt
 74483 | Crypt:1  | Noticed Boris
 74497 | Crypt:1  | Killed Boris
 74514 | Crypt:1  | Identified the +1 ring mail of Kindness {Fly Int+3}
 74526 | Crypt:1  | Reached skill level 26 in Polearms
 74528 | Crypt:1  | Identified the +4 chain mail of Light {-Tele rN++ rCorr
                  | Stlth+}
 75742 | Crypt:2  | Noticed Xtahua
 75752 | Crypt:2  | Reached XP level 24. HP: 181/228 MP: 32/32
 75768 | Crypt:2  | Killed Xtahua
 76806 | Crypt:3  | Entered Level 3 of the Crypt
 76897 | Crypt:3  | Received a gift from Okawaru
 77143 | Crypt:3  | Noticed Boris
 77167 | Crypt:3  | Killed Boris
 77734 | Crypt:3  | Got Arinn's Omnibus of Fey Earth
 77736 | Crypt:3  | Got the Treatise on Excavation and Assembling
 77737 | Crypt:3  | Identified the ring of Temptation {*Slow Str+6 Int+5}
 77961 | Crypt:3  | Identified the ring of Autumn {rElec rF+ rN+}
 78021 | Crypt:3  | Identified the ring "Doanor" {rN+ Int+3}
 78021 | Crypt:3  | Identified the ring of Dutosmos {rPois rN+}
 78353 | Crypt:3  | Identified the ring of the Past {rC+ Int+4 Stlth+}
 78371 | Crypt:3  | Found an ancient bone altar of Kikubaaqudgha.
 78835 | Crypt:3  | Noticed a royal mummy
 78842 | Arena    | Entered the Arena
 78848 | Arena    | Killed a royal mummy
 79102 | Crypt:3  | Found a staircase to the Tomb.
 79280 | Crypt:3  | Noticed a dread lich
 79281 | Crypt:3  | Noticed a dread lich
 79292 | Crypt:3  | Killed a dread lich
 79295 | Crypt:3  | Killed a dread lich
 79295 | Crypt:3  | Received a gift from Okawaru
 79318 | Crypt:3  | Identified the ring "Zedghorph" {Fly rC+ Str+6}
 79334 | Crypt:3  | Got Kikubaaqudgha's Commentary on Blasphemous Rites
 79718 | Crypt:3  | Received a gift from Okawaru
 80432 | Tomb:1   | Entered Level 1 of the Tomb of the Ancients
 80830 | Tomb:1   | Identified the +4 broad axe "Niq Porch" {vorpal, Fly Str+3
                  | Dex+4} (Okawaru gifted it to you on level 1 of the Tomb of
                  | the Ancients)
 80830 | Tomb:1   | Received a gift from Okawaru
 81313 | Tomb:1   | Lost mutation: Your mind is acute. (Int +4, Str/Dex -1)
                  | [mutagenic glow]
 81320 | Tomb:1   | Noticed a royal mummy
 81326 | Tomb:1   | HP: 9/233 [death scarab (5)]
 81326 | Tomb:1   | Slain by a death scarab

Illustrated notes

Levels and vault maps discovered:
D:1:      nicolae_arrival_somewhat_less_tricky_arrival, layout_basic,
          minmay_lizard_pond
D:2:      layout_basic, nicolae_wormholes
D:3:      layout_loops_ring, grunt_temple_overflow_lords_of_destruction,
          mainiacjoe_overflow_small_starburst, palyth_stone_intersect,
          uniq_jessica
D:4:      layout_basic, dancing_weapons_uskayaw, tso_altar, serial_shops,
          nicolae_shop_statue_plus, nicolae_shop_statue_plus, uniq_menkaure,
          uniq_robin, uniq_grinder
D:5:      layout_loops_ring, grunt_gozag_breadcrumbs,
          mainiacjoe_overflow_concentric_impassable,
          mainiacjoe_overflow_alcove_1, mainiacjoe_overflow_surrounded_room,
          minmay_temple_entry_overgrown, nicolae_ossuary_entry_plus
D:6:      layout_basic, lemuel_coloured_pillars_altar,
          nicolae_shop_overcharged_wands
D:7:      layout_basic, old_standard_altar
D:8:      layout_cave_pools, serial_shops, nicolae_shop_window_shopping
D:9:      layout_loops_ring, amcnicky_altar_gilded,
          lemuel_mausoleum_altar_kikubaaqudgha, hangedman_decor_slide_cut,
          glass_columns_a, uniq_harold
D:10:     layout_basic, mainiacjoe_overflow_boulevard,
          nicolae_qazlal_general_emergency, mainiacjoe_overflow_six_doors_small,
          david_orc_2, minmay_misc_feat_alley, grunt_ministairs_13,
          reono_crystal_passage, minmay_quadrilaterals, uniq_maggie, uniq_fannar
D:11:     layout_loops_cross, lair_entry_dummy, ebering_ghost_rock_garden,
          hangedman_feature_mirror
D:12:     layout_roguey [special_room_orc], enter_trove_2,
          minmay_fractal_squares_gapless_7
D:13:     layout_roguey, serial_shops, nicolae_shop_overgrown_old_shop,
          nzn_hepliaklqana_mist_gate
D:14:     layout_cave_pools, erik_vaults_1
D:15:     grunt_enter_depths_hoard, layout_rooms, minmay_misc_feat_plants
Lair:1:   layout_chaotic_city, maelrawn_ghost_gauntlet_escape,
          grunt_megastairs_2
Lair:2:   layout_small_grid, swamp_mist_pool, minmay_snake_entry_six_corridors
Lair:3:   layout_regular_city, serial_bayou_shore_b, infiniplex_staircase_pool
Lair:4:   layout_regular_city, nicolae_slime_entry_slimehenge,
          gammafunk_ghost_grave, serial_bayou_shore_a
Lair:5:   due_jungle_book, layout_small_grid, ebering_ghost_disaster_area,
          serial_bayou_lagoon_b
Swamp:1:  layout_falls_marsh, nicolae_swamp_some_circles
Swamp:2:  layout_basic_swamp, hangedman_swamp_cone, swamp_pool4
Swamp:3:  layout_basic_swamp, serial_swamp_ruin, hangedman_swamp_ruin_wall,
          evilmike_swamp_ruin_house_4, evilmike_swamp_ruin_rubble_1,
          swamp_pool1, nicolae_swamp_super_fun_site, uniq_roxanne
Swamp:4:  swamp_fiery, layout_basic_swamp, swamp_pool5, uniq_donald, uniq_mara
Snake:1:  layout_rooms, gammafunk_ghost_necromancy
Snake:2:  layout_cave_pods, basic_altar, nicolae_snake_snake_lake,
          serial_bayou_shore_b
Snake:3:  layout_cave_shapes, gammafunk_ghost_wrathful_warriors, st_stairs_7,
          fake_guardian_serpent_vault
Snake:4:  grunt_snake_rune_serpentine_throne, layout_layer_cave,
          minmay_shop_star
Orc:1:    layout_caves, enter_volcano_3, uniq_maurice, uniq_gastronok
Orc:2:    st_orc_elflike, layout_caves, basic_altar
Elf:1:    eino_elf_arrival_customs, layout_geoelf_diagonals, serial_shops,
          nicolae_shop_advertising_works [nicolae_subvault_shop_adworks],
          hangedman_corner_corridor, uniq_frances
Elf:2:    nicolae_elf_blades_crystal_corner, layout_geoelf_diagonals,
          basic_altar
Elf:3:    elf_hall_gauntlet_narrow, layout_geoelf_castle, serial_shops,
          nicolae_shop_statue_plus
Vaults:1: nicolae_vaults_little_squares_5, nicolae_vaults_twisting_passages,
          nicolae_vaults_quartermaster, nicolae_vaults_inception_statues,
          ontoclasm_vaults_ring_square, ontoclasm_vaults_chip, v_misc_1,
          hangedman_vaults_hat, vaults_mumra_minichess_inversion, v_misc_11,
          vaults_dpeg_doors, nicolae_vaults_ring_of_whatevers,
          vaults_mumra_chevron, v_misc_15, vaults_room_door_ring,
          layout_vaults_maze, serial_shops, shop
Vaults:2: nicolae_vaults_little_squares_2, v_rooms_3,
          nicolae_vaults_border_crossing, nicolae_vaults_back_hallway,
          nicolae_vaults_little_squares_3, hangedman_vaults_impose,
          vaults_room_fours, nicolae_vaults_ring_of_whatevers,
          nicolae_vaults_yaktaur_gun_rack, v_rooms_1, ontoclasm_vaults_pinch,
          ontoclasm_vaults_chip, vaults_room_hallway, layout_vaults_big_room,
          serial_shops, shop, shop, nicolae_shop_behind_doors
Vaults:3: hangedman_vaults_corner, nicolae_vaults_mini_display_case,
          hangedman_vaults_restitches, v_misc_17,
          dpeg_vaults_pockets_of_resistance, v_misc_15, v_pattern_4,
          serial_ice_b, vaults_standard_mumra_lines, vaults_room_door_ring,
          vaults_room_fours, minmay_crypt_entry_necro_gods,
          nicolae_vaults_gold_heap, layout_vaults_quadrants
Vaults:4: portal_desolation_entry_holy_temple, vaults_room_semicircle,
          v_misc_28, v_alt_pattern_6, v_misc_32,
          nicolae_vaults_network_periphery, ontoclasm_vaults_ring_small,
          nicolae_vaults_inception_scallops, vaults_mumra_lcd,
          nicolae_vaults_circle_grid_b, nicolae_vaults_sealed_display,
          v_misc_16, nicolae_vaults_little_squares_3,
          vaults_room_stairs_pillars, nicolae_vaults_rhombus_6,
          vaults_room_stairs_pillars, vaults_dpeg_diagonal,
          layout_vaults_omnibox
Vaults:5
Crypt:1:  dreamdust_cat_pyramid, layout_misc_corridors, weyrava_lich_vault
Crypt:2:  layout_misc_corridors, uniq_boris, uniq_margery, uniq_xtahua
Crypt:3:  evilmike_haunted_forest
Tomb:1
Depths:1: hangedman_arch_fort, layout_cave_pools, hell_entry,
          hangedman_decor_peaks_small, kilobyte_mutagenic_chamber
Depths:2: grunt_twist_and_shout, layout_basic, hell_entry,
          rand_demon_pan_entry_7, nicolae_ashenzari_skybound,
          kennysheep_generic_room_9, minmay_staircase_windowed_large
Depths:3: minmay_the_grid_octo_tiled_squarecenter_mashed
          [minmay_the_grid_octo_shrine, minmay_the_grid_octo_tetromino_candy,
          minmay_the_grid_octo_concentric, minmay_the_grid_octo_checkerflower,
          minmay_the_grid_square_5x5_megaprize_diamond,
          minmay_the_grid_square_5x5_forky,
          minmay_the_grid_square_5x5_minivault, minmay_the_grid_square_5x5_two,
          minmay_the_grid_square_5x5_gyroscope], layout_cave_shapes,
          enter_ziggurat_c, rand_demon_pan_entry_5, grunt_decor_clamped,
          abyss_entry_glasseish, hell_entry, infiniplex_staircase_zigzag_1,
          uniq_vv
Depths:4: grunt_zot_entry_pinwheel, layout_basic, grunt_mini_vestibule,
          abyss_entry, hex_medium, serial_aquarium, aquarium_bridge_straight
          [aquarium_subvault_bridge, aquarium_subvault_wall,
          aquarium_subvault_bridge, aquarium_subvault_window],
          aquarium_bridge_long_separate [aquarium_subvault_bridge,
          aquarium_subvault_wall, aquarium_subvault_window,
          aquarium_subvault_wall, aquarium_subvault_bridge,
          aquarium_subvault_bridge], aquarium_window_2,
          aquarium_window_corridor_3, aquarium_window_1, aquarium_view_2b,
          aquarium_view_2d, aquarium_pool_double

Skill      XL: |  1  2  3  4  5  6  7  8  9 10 11 12 13 14 15 16 17 18 19 20 21 22 23 24 |
---------------+-------------------------------------------------------------------------+-----
Fighting       | 4 5 6 7 8 9 11 12 13 14 15 16 17 18 19 20 21 22 | 22.5
Armour         | 4 5 6 8 9 10 11 12 13 14 16 17 18 19 20 21 | 21.4
Axes           | 3 4 5 6 15 16 17 | 17.5
Shields        | 4 5 6 7 8 9 10 12 13 14 16 18 19 20 | 20.9
Dodging        | 1 2 3 4 5 6 7 8 9 |  9.0
Invocations    | 2 4 5 6 8 9 10 11 12 13 14 | 14.7
Stealth        | 1 2 3 4 |  4.3
Polearms       | 3 9 12 13 14 16 17 18 19 22 24 25 26 | 26.0
Evocations     | 1 3 5 7 8 9 10 11 12 13 | 13.5
Throwing       | 1 2 |  2.3

Action                   |  1- 3 |  4- 6 |  7- 9 | 10-12 | 13-15 | 16-18 | 19-21 | 22-24 || total
-------------------------+-------+-------+-------+-------+-------+-------+-------+-------++-------
Melee: War axe           |    58 |    89 |   198 |   254 |    98 |    57 |       |       ||   754
       Headbutt          |    11 |    14 |    26 |   119 |   310 |   393 |   455 |   487 ||  1815
       Battleaxe         |       |       |       |    16 |    44 |    45 |    33 |   592 ||   730
       Lance             |       |       |       |   290 |  1120 |  1658 |  1896 |  1117 ||  6081
       Hand axe          |       |       |       |     3 |    11 |       |       |       ||    14
       Punch             |       |       |       |       |       |       |       |     2 ||     2
Throw: Dart              |       |     1 |       |     1 |       |     1 |     1 |       ||     4
       Boomerang         |       |       |       |     6 |     3 |       |       |       ||     9
       Javelin           |       |       |       |       |     2 |     9 |     2 |     5 ||    18
Invok: Heroism           |       |       |       |       |     4 |     9 |     6 |    11 ||    30
       Finesse           |       |       |       |       |       |     1 |     3 |     1 ||     5
       Duel              |       |       |       |       |       |       |       |     2 ||     2
Evoke: Wand              |       |       |       |     2 |     6 |    31 |     8 |     4 ||    51
       Phial of floods   |       |       |       |       |     1 |       |     1 |       ||     2
       Condenser vane    |       |       |       |       |       |       |       |     1 ||     1
       Tin of tremorston |       |       |       |       |       |       |       |     1 ||     1
  Use: Potion            |       |     7 |     1 |     1 |     5 |     7 |     1 |     5 ||    27
       Scroll            |       |       |    17 |     9 |    15 |     4 |     9 |    11 ||    65
 Stab: Invisible         |       |       |       |     1 |     1 |       |     1 |     3 ||     6
       Sleeping          |       |       |       |       |     1 |       |       |       ||     1
       Paralysed         |       |       |       |       |       |     2 |       |       ||     2
       Distracted        |       |       |       |       |       |     1 |       |     2 ||     3
Armor: Scale mail        |    34 |    44 |    59 |    63 |       |       |       |       ||   200
       Chain mail        |       |       |       |    89 |   136 |   285 |       |   254 ||   764
       Ring mail         |       |       |       |       |   120 |    15 |       |       ||   135
       Ice dragon scales |       |       |       |       |    14 |     8 |       |       ||    22
       Plate armour      |       |       |       |       |       |   283 |   439 |   298 ||  1020
       Storm dragon scal |       |       |       |       |       |       |    19 |       ||    19
Dodge: Dodged            |    34 |    46 |    67 |   129 |   186 |   311 |   240 |   373 ||  1386
Block: Buckler           |    13 |    14 |    69 |   155 |   334 |   301 |       |       ||   886
       Reflection        |       |       |     5 |     1 |    25 |    66 |   102 |    59 ||   258
       Other             |       |       |       |     9 |     5 |    10 |     6 |   108 ||   138
       Kite shield       |       |       |       |       |       |   508 |   508 |       ||  1016
       Tower shield      |       |       |       |       |       |       |   440 |   684 ||  1124
